 Dungeon Crawl Stone Soup version 0.18-a0-1396-g8753ca6 (webtiles) character file.

771 brucemayne the Cleaver (level 7, -1/50 HPs)
             Began as a Demonspawn Gladiator on Feb 24, 2016.
             Was an Initiate of Makhleb.
             Shot with an arrow by a centaur (8 damage)
             ... on level 8 of the Dungeon.
             The game lasted 00:12:23 (2625 turns).

brucemayne the Cleaver (Demonspawn Gladiator)       Turns: 2625, Time: 00:12:23

Health: -1/50      AC: 12    Str: 17    XL:     7   Next: 53%
Magic:  7/7        EV:  7    Int:  9    God:    Makhleb [......]
Gold:   123        SH:  2    Dex: 14    Spells: 0 memorised, 6 levels left

rFire  . . .     SeeInvis +     y - +1 battleaxe
rCold  . . .     Gourm    .     o - +0 chain mail
rNeg   . . .     Faith    .     (shield currently unavailable)
rPois  .         Spirit   .     c - +0 helmet
rElec  .         Dismiss  .     (no cloak)
rCorr  .         Reflect  .     (no gloves)
SustAt .         Harm     .     m - +0 pair of boots
MR     .....                    (no amulet)
Stlth  ..........               (no ring)
                                j - ring of see invisible

@: not resistant to hostile enchantments, extremely unstealthy
A: talons 1, large bone plates 1, demonic guardian 1
a: Renounce Religion


You were on level 8 of the Dungeon.
You worshipped Makhleb.
Makhleb was noncommittal.
You were hungry.

You visited 2 branches of the dungeon, and saw 9 of its levels.

You collected 123 gold pieces.

Inventory:

Hand Weapons
 a - a +0 war axe
 y - a +1 battleaxe (weapon)
Missiles
 d - a throwing net (quivered)
 e - 59 poisoned needles
Armour
 b - a +0 leather armour
 c - a +0 helmet (worn)
 h - a +0 ring mail
 m - a +0 pair of boots (worn)
 n - a +0 helmet
 o - a +0 chain mail (worn)
 p - a +0 shield
Jewellery
 j - a ring of see invisible (left hand)
 t - an uncursed ring of fire
Wands
 r - a wand of polymorph (1/24)
 s - a wand of polymorph (11/24)
 u - a wand of iceblast (5/15)
Scrolls
 g - a scroll of fog {unknown}
 i - 2 scrolls of fear
 k - a scroll of recharging {unknown}
 l - a scroll of magic mapping {unknown}
 w - a scroll of remove curse {unknown}
 x - a scroll of teleportation {unknown}
Potions
 v - a potion of heal wounds {unknown}
 z - a potion of lignification {unknown}
 A - a potion of haste {unknown}
Comestibles
 f - 2 bread rations
 q - 2 beef jerkies


   Skills:
 - Level 2.0 Fighting
 + Level 8.2 Axes
 - Level 1.7 Throwing
 - Level 2.6 Dodging


You had 6 spell levels left.
You didn't know any spells.

Dungeon Overview and Level Annotations

Branches:
Dungeon (8/15)             Temple (1/1) D:7
   Lair: D:8-11

Altars:
Ashenzari
Cheibriados
Dithmenos
Elyvilon
Makhleb
Okawaru
Qazlal
Trog
Xom
Yredelemnul

Shops:
D:5 *

Annotations:
D:6 dvd's ghost, novice OpIE


Innate Abilities, Weirdness & Mutations

You have sharp toenails.
You are partially covered in large bone plates (AC +2, SH +2).
A weak demonic guardian rushes to your aid.


Message History

Makhleb accepts your kill.
Things that are here:
an uncursed shortbow; 25 arrows
A - a silvery potion
Found a glowing hunting sling.
Your quasit disappears in a puff of smoke!
A centaur comes into view.
The centaur shouts!
Throwing (i - inventory):
d - 2 throwing nets (quivered)
Press: ? - help, Shift-Dir - straight line, f - centaur
Aim: a centaur You throw a throwing net.
The throwing net closely misses the centaur.
The centaur wields a glowing shortbow.
It bursts into flame!
The centaur shoots an arrow.
The arrow hits you.
* * * LOW HITPOINT WARNING * * *
The arrow burns you.
* * * LOW HITPOINT WARNING * * *
The centaur shoots an arrow.
The arrow hits you!
You die...

# .. ######### ..(
........# ###..c.
.....)..# .......
........#########.....#
.....(.........5@)#
....<...###########
........# ........#
........# #########


You could see a centaur and a friendly ufetubus.

Vanquished Creatures
  A centaur (D:5)
  2 giant frogs
  3 wights (D:5)
  2 crimson imps (D:5)
  An orc priest (D:4)
  An orc wizard (D:4)
  4 worker ants
  Robin (D:4)
  3 gnolls (D:4)
  2 adders
  A shadow imp (D:5)
  An ooze (D:2)
  2 dart slugs (D:2)
  An orc (D:4)
  A ball python (D:2)
  A giant cockroach (D:5)
  8 goblins
  4 hobgoblins
  A kobold (D:2)
  4 quokkas
  2 bats (D:1)
  A giant gecko skeleton (D:4)
  2 giant newts (D:5)
  4 rats
53 creatures vanquished.

Vanquished Creatures (collateral kills)
  A centaur (D:8)
  A giant frog (D:5)
  A scorpion (D:5)
  A wight (D:5)
  A worker ant (D:4)
  An orc (D:4)
  A ball python (D:5)
  A hobgoblin (D:4)
8 creatures vanquished.

Grand Total: 61 creatures vanquished

Notes
Turn   | Place    | Note
--------------------------------------------------------------
     0 | D:1      | brucemayne the Demonspawn Gladiator began the quest for the Orb.
     0 | D:1      | Reached XP level 1. HP: 16/16 MP: 1/1
   113 | D:2      | Reached skill level 3 in Axes
   123 | D:2      | Found a white marble altar of Elyvilon.
   185 | D:2      | Gained mutation: A weak demonic guardian rushes to your aid. [demonic ancestry]
   185 | D:2      | Reached XP level 2. HP: 20/22 MP: 2/2
   315 | D:2      | Found a shattered altar of Ashenzari.
   458 | D:3      | Found a faded altar to an unknown god.
   519 | D:3      | Found an iron altar of Okawaru.
   538 | D:2      | Gained mutation: You are partially covered in large bone plates (AC +2, SH +2). [demonic ancestry]
   538 | D:2      | Reached XP level 3. HP: 20/27 MP: 3/3
   686 | D:4      | Reached skill level 4 in Axes
   697 | D:4      | Noticed Robin
   728 | D:4      | Killed Robin
   728 | D:4      | Gained mutation: You have sharp toenails. [demonic ancestry]
   728 | D:4      | Reached XP level 4. HP: 28/33 MP: 4/4
   819 | D:4      | HP: 1/33 [gnoll/flail (9)]
   952 | D:5      | Entered Level 5 of the Dungeon
  1045 | D:5      | Found Ugrijouck's Elemental Accessories.
  1212 | D:4      | Reached skill level 5 in Axes
  1239 | D:4      | Reached XP level 5. HP: 28/38 MP: 5/5
  1352 | D:4      | Noticed a phantom
  1469 | D:5      | Reached skill level 6 in Axes
  1548 | D:5      | Reached XP level 6. HP: 30/44 MP: 6/6
  1679 | D:6      | Noticed dvd's ghost (novice OpIE)
  1812 | D:5      | Reached skill level 7 in Axes
  2004 | D:5      | Reached XP level 7. HP: 29/50 MP: 7/7
  2417 | D:7      | Reached skill level 8 in Axes
  2427 | D:7      | Found a staircase to the Ecumenical Temple.
  2434 | Temple   | Entered the Ecumenical Temple
  2504 | Temple   | Became a worshipper of Makhleb the Destroyer
  2625 | D:8      | Shot with an arrow by a centaur

Vault maps used:
D:1:      minmay_arrival_stair_chambers
D:2:      grunt_temple_overflow_magic_moments, elyvilon_altar_1,
          nicolae_ashenzari_panopticon
D:3:      okawaru_ov_weapons_minmay, ecumenical_altar_2,
          minmay_misc_feat_nine_boxes
D:4:      portal_sewer_entry_d, uniq_robin, uniq_crazy_yiuf_cottage
D:5:      first_bread, st_stairs_7, nicolae_elemental_shop
D:6:      hangedman_ru_absence, uniq_pikel, uniq_blork_the_orc,
          uniq_prince_ribbit1
D:7:      minmay_temple_entry_purple_smoke, minivault_14
D:8:      old_standard_altar, minitemple, serial_shops, nicolae_shop_waterfront,
          shop, shop, uniq_psyche
Temple:   minmay_temple_curvy_8

Skill      XL: |  1  2  3  4  5  6  7 |
---------------+----------------------+-----
Axes           | 3 4 5 6 7 8 |  8.2
Fighting       | |  2.0
Throwing       | |  1.7
Dodging        | |  2.6

Action                   |  1- 3 |  4- 6 |  7- 9 || total
-------------------------+-------+-------+-------++-------
Melee: War axe           |    69 |   110 |     4 ||   183
       Battleaxe         |       |       |    14 ||    14
Throw: Throwing net      |     4 |     5 |     3 ||    12
Evoke: Wand              |       |       |     3 ||     3
  Use: Potion            |       |     2 |       ||     2
       Scroll            |       |     1 |       ||     1
 Stab: Held in net/web   |       |     1 |     2 ||     3
       Distracted        |       |     1 |       ||     1
  Eat: Chunk             |       |     4 |     1 ||     5
